 Dungeon Crawl Stone Soup version 0.16-a0-3008-g8433e14 (console) character file.

5233 nht the Severer (level 10, -11/77 HPs)
             Began as a Minotaur Berserker on Dec 7, 2014.
             Was a High Priest of Trog.
             Mangled by a hill giant
             ... wielding a +0 giant spiked club
              (15 damage)
             ... on level 10 of the Dungeon.
             The game lasted 00:09:17 (7296 turns).

nht the Severer (Minotaur Berserker)                Turns: 7296, Time: 00:09:18

Health: -11/77     AC: 10    Str: 26    XL:     10   Next: 35%
Magic:  4/4        EV: 12    Int:  4    God:    Trog [*****.]
Gold:   483        SH:  0    Dex: 12    Spells: 0 memorised, 9 levels left

rFire  . . .     SeeInvis .     a - +3 war axe (elec)
rCold  . . .     Clarity  +     b - +1 animal skin
rNeg   . . .     SustAb   .     (no shield)
rPois  .         Gourm    .     (helmet restricted)
rElec  .         Spirit   .     (no cloak)
rCorr  .         Warding  .     (no gloves)
rMut   .         Stasis   .     z - +2 pair of boots
MR     .....                    s - amulet of clarity
Stlth  +.........               v - +3 ring of strength
                                u - +4 ring of protection

@: not resistant to hostile enchantments, very unstealthy
A: retaliatory headbutt, horns 2
a: Burn Spellbooks, Berserk, Trog's Hand, Brothers in Arms, Renounce Religion


You were on level 10 of the Dungeon.
You worshipped Trog.
Trog was extremely pleased with you.
You were not hungry.

You visited 1 branch of the dungeon, and saw 10 of its levels.

You collected 613 gold pieces.
You spent 130 gold pieces at shops.

Inventory:

Hand weapons
 a - a +3 war axe of electrocution (weapon)
 E - the +2 hunting sling of Vaod {velocity, +Inv +Fly}
   (You found it on level 7 of the Dungeon)

   Any stone fired from it inflicts extra damage.
   It lets you turn invisible.
   It lets you fly.
 G - a +6 broad axe of flaming
Missiles
 F - a tomahawk (quivered)
Armour
 b - a +1 animal skin (worn)
 z - a +2 pair of boots (worn)
Jewellery
 r - an uncursed ring of stealth
 s - an amulet of clarity (around neck)
 u - a +4 ring of protection (left hand)
 v - a +3 ring of strength (right hand)
 w - an uncursed ring of teleportation
 y - an uncursed ring of positive energy
Scrolls
 c - a scroll of recharging
 d - 3 scrolls of blinking
 e - 7 scrolls of identify
 h - 4 scrolls of teleportation
 i - 4 scrolls of enchant armour
 j - 3 scrolls of enchant weapon
 k - a scroll of summoning
 l - 5 scrolls of remove curse
 q - a scroll of magic mapping
 C - a scroll of fear
Potions
 g - 6 potions of curing
 m - 2 potions of agility
 o - a potion of might
 t - a potion of heal wounds
 A - a potion of restore abilities
 B - a potion of cure mutation
Comestibles
 f - a slice of pizza
 n - 4 bread rations
 p - 2 meat rations
 D - 4 fruits
 H - 2 beef jerkies


   Skills:
 - Level 3.6 Fighting
 + Level 15.6 Axes
 + Level 7.1 Throwing
 - Level 2.4 Armour
 - Level 2.1 Dodging


You had 9 spell levels left.
You didn't know any spells.

Dungeon Overview and Level Annotations

Branches:
Dungeon (10/15)            Temple (0/1) D:7            Lair (0/8) D:10
    Orc: D:9-12

Altars:
Dithmenos
Gozag
Kikubaaqudgha
Okawaru
Qazlal
Ru

Shops:
D:6 [


Innate Abilities, Weirdness & Mutations

You reflexively headbutt those who attack you in melee.
You have a pair of horns on your head.


Message History

Found 8 needles of frenzy.
No target in view!
No target in view!
No target in view!
A hill giant comes into view. It is wielding a giant spiked club.
The hill giant shouts!
A giant frog comes into view.
There are monsters nearby!
The hill giant hits you with a giant spiked club!!!
Ouch! That really hurt!
You slash the hill giant!
The hill giant is lightly wounded.
The hill giant hits you with a giant spiked club!!
* * * LOW HITPOINT WARNING * * *
You see here 8 needles of frenzy.
Use which ability? (? or * to list)
Your troll goes berserk!
You feel somewhat more hungry.
The hill giant hits you with a giant spiked club!
You die...

.............█.███..
████................ .
████.████.(......... ..
.......................█
......███.██.████.█. ..█
..........██.█ █.█ ...█
...█..█....█.████.██...█.█
......+....+...............
██.█..█....█.████.F..).....
...........+.....C█....█.██
......█....█.███@T█....█
......█....█.█ █..$.......
█████.█>...█.. ...........
█+█... █.█.█.██.█....
..█.█.. .██.. ... ... .. .
..█ █.. ... . █.█. ...


You could see a hill giant, a giant frog and a friendly troll (berserk).

Vanquished Creatures
  A gargoyle (D:6)
  A troll (D:9)
  2 deep elf magi (D:9)
  A hungry ghost (D:8)
  A hippogriff (D:8)
  2 ice beasts (D:9)
  4 orc warriors
  2 sky beasts
  3 phantoms
  A crocodile (D:7)
  6 ogres
  Sigmund (D:3)
  A centaur (D:8)
  A big kobold (D:7)
  2 giant frogs
  14 killer bees (D:9)
  4 scorpions
  6 wights
  A goliath beetle (D:8)
  2 crimson imps
  4 hounds
  A quasit (D:7)
  3 orc priests
  An iguana (D:5)
  A giant frog skeleton (D:8)
  7 orc wizards
  6 worker ants
  2 hound skeletons
  A hound zombie (D:9)
  8 gnolls
  10 adders
  A shadow imp (D:8)
  2 giant mites
  7 worms
  3 adder skeletons
  5 giant geckos
  18 orcs
  2 ball pythons (D:1)
  12 bats
  A bat skeleton (D:8)
  A bat zombie (D:6)
  8 giant cockroaches
  5 goblins
  12 hobgoblins
  7 jackals
  3 quokkas
  A giant cockroach zombie (D:5)
  12 giant newts
  A giant spore (D:6)
  20 kobolds
  A quokka skeleton (D:7)
  13 rats
  A ballistomycete (D:6)
236 creatures vanquished.

Notes
Turn   | Place    | Note
--------------------------------------------------------------
     0 | D:1      | nht, the Minotaur Berserker, began the quest for the Orb.
     0 | D:1      | Reached XP level 1. HP: 19/19 MP: 1/1
    84 | D:1      | Reached skill level 4 in Axes
   132 | D:1      | Reached XP level 2. HP: 21/26 MP: 1/1
   405 | D:1      | Acquired Trog's second power
   726 | D:2      | Reached skill level 5 in Axes
   812 | D:2      | Reached XP level 3. HP: 23/31 MP: 2/2
  1182 | D:2      | Found an iron altar of Okawaru.
  1189 | D:2      | Found a stormy altar of Qazlal.
  1189 | D:2      | Found a shadowy altar of Dithmenos.
  1192 | D:2      | Found an opulent altar of Gozag.
  1193 | D:2      | Found an ancient bone altar of Kikubaaqudgha.
  1236 | D:2      | Reached XP level 4. HP: 36/39 MP: 2/2
  1241 | D:2      | Reached skill level 6 in Axes
  1785 | D:3      | Noticed Sigmund
  1792 | D:3      | Reached XP level 5. HP: 45/45 MP: 2/2
  1805 | D:3      | Killed Sigmund
  1805 | D:3      | Reached skill level 7 in Axes
  1857 | D:3      | HP: 1/67 [gnoll/halberd (7)]
  1860 | D:3      | Reached skill level 8 in Axes
  2226 | D:3      | Reached XP level 6. HP: 49/51 MP: 3/3
  2942 | D:4      | Reached skill level 9 in Axes
  3128 | D:4      | Reached XP level 7. HP: 30/57 MP: 3/3
  3210 | D:4      | Acquired Trog's third power
  3269 | D:4      | Reached skill level 10 in Axes
  3431 | D:5      | Entered Level 5 of the Dungeon
  4192 | D:6      | Noticed a gargoyle
  4198 | D:6      | Killed a gargoyle
  4198 | D:6      | Reached skill level 11 in Axes
  4198 | D:6      | Reached XP level 8. HP: 60/64 MP: 3/3
  4295 | D:6      | Found Wiab Kaa's Antique Armour Shop.
  4304 | D:6      | Bought a pair of glowing boots for 130 gold pieces
  4742 | D:7      | Reached skill level 12 in Axes
  4958 | D:7      | Got a slimy hunting sling
  4959 | D:7      | Identified the cursed +2 hunting sling of Vaod {velocity, +Inv +Fly} (You found it on level 7 of the Dungeon)
  4973 | D:7      | Found a staircase to the Ecumenical Temple.
  5055 | D:7      | Reached skill level 13 in Axes
  5686 | D:8      | Reached XP level 9. HP: 42/70 MP: 4/4
  5890 | D:8      | Reached skill level 1 in Throwing
  5938 | D:8      | Reached skill level 14 in Axes
  6018 | D:8      | Found a sacrificial altar of Ru.
  6474 | D:9      | Reached skill level 5 in Throwing
  6538 | D:9      | Reached skill level 15 in Axes
  6559 | D:9      | Reached XP level 10. HP: 35/77 MP: 4/4
  6570 | D:9      | Received a gift from Trog
  7250 | D:10     | Entered Level 10 of the Dungeon
  7276 | D:10     | Found a staircase to the Lair.
  7289 | D:10     | Noticed a hill giant
  7296 | D:10     | Mangled by a hill giant

Action                   |  1- 3 |  4- 6 |  7- 9 | 10-12 || total
-------------------------+-------+-------+-------+-------++-------
Melee: Hand axe          |    70 |   115 |       |       ||   185
       War axe           |       |    10 |   220 |    63 ||   293
Throw: Tomahawk          |       |       |     4 |       ||     4
Invok: Berserk           |     3 |     4 |     1 |       ||     8
       Burn Spellbooks   |       |       |     1 |       ||     1
       Brothers in Arms  |       |       |       |     1 ||     1
  Use: Potion            |       |     4 |       |       ||     4
       Scroll            |       |       |    18 |       ||    18
 Stab: Sleeping          |       |     2 |     7 |       ||     9
  Eat: Chunk             |     1 |     9 |    12 |     2 ||    24
       Bread ration      |     1 |       |       |       ||     1
